 Dungeon Crawl Stone Soup version 0.26.0-10-g1f06aea511 (webtiles) character file.

Game seed: 3054597153106860755

82 Borgoz the Skirmisher (level 4, -3/29 HPs)
             Began as a Gargoyle Berserker on Jan 15, 2021.
             Was a Believer of Trog.
             Slain by a worm (8 damage)
             ... on level 3 of the Dungeon.
             The game lasted 00:01:11 (1622 turns).

Borgoz the Skirmisher (Gargoyle Berserker)          Turns: 1622, Time: 00:01:11

Health: -3/29      AC:  9    Str: 21    XL:     4   Next: 43%
Magic:  4/4        EV: 11    Int:  7    God:    Trog [**....]
Gold:   67         SH:  0    Dex: 10    Spells: 3/3 levels left

rFire    . . .     SeeInvis .   a - +0 mace
rCold    . . .     Faith    .   (no shield)
rNeg     + . .     Spirit   .   e - +0 ring mail
rPois    ∞         Reflect  .   (no helmet)
rElec    +         Harm     .   (no cloak)
rCorr    .         Rampage  .   (no gloves)
Will     .....                  (no boots)
Stlth    ..........             (no amulet)
HPRegen  0.09/turn              (no ring)
MPRegen  0.09/turn              (no ring)

@: berserk cooldown, slowed, very slow
A: negative energy resistance 1, electricity resistance, unbreathing,
petrification resistance, miasma immunity, AC +3
a: Renounce Religion, Berserk, Trog's Hand


You were on level 3 of the Dungeon.
You worshipped Trog.
Trog was pleased with you.
You visited 1 branch of the dungeon, and saw 3 of its levels.

You collected 67 gold pieces.

Inventory:

Hand Weapons
 a - a +0 mace (weapon)
Armour
 e - a +0 ring mail (worn)
Scrolls
 b - a scroll of fog {unknown}
 c - 3 scrolls of teleportation {unknown}
 d - 3 scrolls of identify {unknown}
 h - a scroll of fear {unknown}
 i - a scroll of enchant armour {unknown}
 j - a scroll of blinking {unknown}
Potions
 f - a potion of flight {unknown}
 g - a potion of curing {unknown}
 k - a potion of lignification {unknown}


   Skills:
 + Level 3.9 Fighting
 + Level 3.6 Maces & Flails
 + Level 3.1 Armour
 + Level 2.2 Dodging


You had 3 spell levels left.
You didn't know any spells.
Your spell library was empty.

Dungeon Overview and Level Annotations

Branches:
Dungeon (2/15)

Altars:


Innate Abilities, Weirdness & Mutations

You are resistant to torment.
Your stone body is resilient. (AC +3)
You are immune to poison.
You resist negative energy. (rN+)
You are resistant to electric shocks. (rElec)
You can survive without breathing.
You are immune to petrification.
You are immune to miasma.


Message History

The hobgoblin hits you but does no damage.
The rat bites you. The gnoll barely misses you.
You hit the gnoll.
You kill the gnoll!
Trog accepts your kill. The hobgoblin barely misses you.
The rat bites you but does no damage.
You barely miss the hobgoblin. The hobgoblin closely misses you.
You barely miss the hobgoblin. The rat closely misses you.
You closely miss the hobgoblin.
You are no longer berserk.
You are exhausted.
You feel yourself slow down.
The hobgoblin hits you but does no damage.
The rat bites you but does no damage. The worm bites you.
* * * LOW HITPOINT WARNING * * *
You hit the worm.
The worm is moderately wounded.
The hobgoblin hits you but does no damage.
The rat bites you but does no damage. The worm bites you!
You die...

#.........
##.####### #.# #.#
#.# ####+### #.#
#......# #.#
##....r.########.#
......g@'........#
......)w##########
........#
......$.#
..###.... . #.$..
..... ....###


You could see a worm, a hobgoblin and a rat.

Vanquished Creatures
  4 gnolls
  An adder (D:2)
  2 dart slugs
  A leopard gecko (D:1)
  6 goblins
  5 hobgoblins (D:1)
  7 kobolds
  3 bats
  2 rats
31 creatures vanquished.

Notes
Turn   | Place    | Note
-------+----------+-------------------------------------------
     0 | D:1      | Borgoz the Gargoyle Berserker began the quest for the Orb.
     0 | D:1      | Reached XP level 1. HP: 14/14 MP: 1/1
   334 | D:1      | Reached XP level 2. HP: 18/19 MP: 2/2
   659 | D:1      | Reached XP level 3. HP: 17/23 MP: 3/3
   913 | D:1      | Reached ** piety under Trog
  1563 | D:2      | You fall into a shaft and drop 1 floor!
  1610 | D:3      | Reached XP level 4. HP: 27/29 MP: 4/4
  1622 | D:3      | Slain by a worm

Illustrated notes

Levels and vault maps discovered:
D:1:      minmay_arrival_five_plusses, layout_loops_corners, st_stairs_8
D:2:      layout_basic, grunt_temple_overflow_open, uniq_sigmund
D:3:      layout_basic, lemuel_crystal_altar, gammafunk_ghost_split

Skill      XL: |  1  2  3 |
---------------+----------+-----
Dodging        | 2 |  2.2
Armour         | 3 |  3.1
Fighting       | |  3.9
Maces & Flails | |  3.6

Action                   |  1- 3 |  4- 6 || total
-------------------------+-------+-------++-------
Melee: Mace              |   106 |    12 ||   118
Invok: Berserk           |     1 |       ||     1
Armor: Animal skin       |     6 |       ||     6
       Ring mail         |    45 |     8 ||    53
Dodge: Dodged            |    60 |    12 ||    72
